Saguenéens vs High Goats
Created - 25 février 2014 at 20:11
Goals
|
| Saguenéens |
4 |
1 |
1 |
6 |
| High Goats |
1 |
0 |
0 |
1 |
|
Shots
|
| Saguenéens |
15 |
4 |
2 |
21 |
| High Goats |
10 |
10 |
9 |
29 |
|
1st period
1. Saguenéens , Wayne Simmonds 23 (Henrik Tallinder, Tyler Kennedy) at 4:38 (PP)
2. High Goats , Jesse Winchester 21 (Chris Stewart, Jiri Tlusty) at 8:05
3. Saguenéens , Tyler Kennedy 24 (Evgeny Dadonov) at 11:56
4. Saguenéens , Tyler Kennedy 25 (Evgeny Dadonov, Wayne Simmonds) at 16:52
5. Saguenéens , Dwight King 22 (Mike Van Ryn, Brandon Yip) at 17:51
Penalties :
Thomas Hickey (Buc) for High sticking (Minor) at 4:30
2nd period
6. Saguenéens , Jarkko Ruutu 20 (Ian Cole) at 12:22
Penalties :
Kyle Brodziak (Chi) for Tripping (Minor) at 4:16, Jesse Winchester (Buc) for Slashing (Minor) at 10:12, Justin Schultz (Chi) for Hooking (Minor) at 13:17, Wayne Simmonds (Chi) for Holding (Minor) at 16:41, Andreas Johansson (Chi) for Kneeing (Major) at 19:51
3rd period
7. Saguenéens , Mike Van Ryn 3 (Kyle Brodziak, Brandon Yip) at 10:05
Penalties :
Brandon Bollig (Buc) for Fighting (Major) at 14:10, Wayne Simmonds (Chi) for Fighting (Major) at 14:10, Anton Stralman (Buc) for Fighting (Major) at 14:29, Justin Schultz (Chi) for Fighting (Major) at 14:29, Justin Schultz (Chi) for instigated a fight (Minor) at 14:29, Justin Schultz (Chi) for instigated a fight (10 Minutes Misconduct) at 14:29, Thomas Hickey (Buc) for Hooking (Minor) at 19:43
Goalie Stats
James Reimer (Chi), 28 saves from 29 shots - (0,966), W, 18-10-6, 60:00 minutes
Keith Kinkaid (Buc), 9 saves from 13 shots - (0,692), L, 13-23-4, 17:51 minutes
Thomas McCollum (Buc), 6 saves from 8 shots - (0,750), 42:09 minutes
Players Stats for Saguenéens
Player Name G A P +/- PIM S H SB GA TA FO MP PP MP PK MP
------------------------------------------------------------------------------------
Andreas Johansson 0 0 0 0 5 0 2 1 1 0 1/3 14:19 0:58 3:53
Brandon Yip 0 2 2 1 0 2 1 0 0 0 1/1 19:12 0:58 3:57
Brian Flynn 0 0 0 0 0 0 0 0 0 0 1/3 10:38 0:00 1:54
David Laliberté 0 0 0 0 0 0 1 0 0 0 0/0 8:39 0:00 0:00
Dwight King 1 0 1 1 0 1 0 0 1 0 0/0 15:31 0:58 2:03
Evgeny Dadonov 0 2 2 2 0 3 2 0 3 0 0/0 16:42 1:25 0:15
Henrik Tallinder 0 1 1 0 0 0 1 2 1 1 0/0 22:29 1:32 5:17
Ian Cole 0 1 1 0 0 0 2 0 0 0 0/0 18:04 0:51 1:47
Jarkko Ruutu 1 0 1 1 0 1 3 1 0 0 0/0 13:52 0:00 5:25
Jeffrey Foss 0 0 0 2 0 0 0 0 0 0 0/0 13:25 0:00 3:12
Justin Schultz 0 0 0 2 19 0 0 0 0 0 0/0 22:41 1:16 3:39
Kris Russell 0 0 0 2 0 0 1 1 0 0 0/0 17:28 0:13 5:53
Kyle Brodziak 0 1 1 1 2 5 0 1 0 1 6/14 17:17 0:00 4:29
Mike Van Ryn 1 1 2 2 0 3 3 2 0 1 0/0 25:51 0:54 6:02
Petteri Wirtanen 0 0 0 1 0 0 2 0 0 0 1/2 7:24 0:00 0:00
Rhett Rakhshani 0 0 0 1 0 0 0 0 0 0 0/0 7:24 0:00 0:00
Tyler Kennedy 2 1 3 2 0 4 3 0 0 1 16/31 16:47 1:25 0:12
Wayne Simmonds 1 1 2 2 7 2 3 0 1 1 0/1 19:16 1:25 3:42
Players Stats for High Goats
Player Name G A P +/- PIM S H SB GA TA FO MP PP MP PK MP
------------------------------------------------------------------------------------
Anton Stralman 0 0 0 -2 5 0 2 4 1 3 0/0 24:39 5:30 1:45
Arturs Kulda 0 0 0 0 0 5 0 0 0 0 0/0 14:01 1:05 0:38
Brandon Bollig 0 0 0 -2 5 0 2 0 0 1 1/1 13:03 1:31 0:00
Chris Stewart 0 1 1 1 0 3 0 1 1 0 3/4 22:18 6:09 1:26
Dana Tyrell 0 0 0 -1 0 0 0 1 0 1 2/6 9:10 0:29 1:24
Drayson Bowman 0 0 0 -1 0 3 1 0 0 1 0/0 11:20 0:38 0:00
Gord Baldwin 0 0 0 0 0 0 0 1 0 0 0/0 14:07 2:28 0:00
Jason Ryznar 0 0 0 -1 0 1 0 0 0 0 0/0 13:21 6:04 0:18
Jesse Winchester 1 0 1 0 2 1 3 0 1 0 14/26 20:51 6:01 0:00
Jiri Tlusty 0 1 1 0 0 1 0 2 0 0 0/0 20:34 5:12 0:31
Jonathan Tremblay 0 0 0 -1 0 1 0 1 1 0 0/1 9:04 1:14 0:00
Joshua Bailey 0 0 0 -1 0 1 0 0 0 0 4/6 11:30 0:00 0:49
Matt Frattin 0 0 0 -1 0 0 0 0 0 0 1/1 11:55 1:16 0:00
Matt Irwin 0 0 0 -2 0 2 1 1 0 1 0/0 26:53 6:53 1:45
Matt Taormina 0 0 0 -2 0 2 1 1 1 0 0/0 20:28 4:57 0:38
Nick Bonino 0 0 0 -3 0 3 3 0 0 0 4/10 17:41 5:09 0:18
Pavel Brendl 0 0 0 -2 0 5 2 0 0 0 0/0 17:05 5:02 0:00
Thomas Hickey 0 0 0 -2 4 1 3 0 0 0 0/0 19:32 4:57 0:00
3 Stars
1 - Tyler Kennedy (Chi)
2 - Mike Van Ryn (Chi)
3 - James Reimer (Chi)
Power Play
Saguenéens - 1 on 3 Attempt(s) - 33,33%
High Goats - 0 on 5 Attempt(s) - 0,00%
Penalty Kill
Saguenéens - 5 on 5 Attempt(s) - 100,00%
- Score 0 goal in Penalty Kill
High Goats - 2 on 3 Attempt(s) - 66,67%
- Score 0 goal in Penalty Kill
Official
Referees : Banfield David and Watson Brad
Linesman : Brian Mach and Pierre Champoux
Game Notes
Thomas McCollum enters game at 17:51 of 1st period
Brandon Bollig and Wayne Simmonds fight to a draw at 14:10 of 3rd period
Anton Stralman and Justin Schultz fight to a draw at 14:29 of 3rd period
Finance
Level 1 -- Attendance: 1318 (65,90%) -- Ticket Income 46 130 $
Level 2 -- Attendance: 718 (71,80%) -- Ticket Income 10 770 $
Total Attendance: 2036 (67,87%)
Total Ticket Income: 56 900 $
Other Income: 2 845 $
Total Income: 59 745 $
Saguenéens
5 vs 5 Forward
Center Left Wing Right Wing Time % Phy DF OF
1 Tyler Kennedy Evgeny Dadonov Wayne Simmonds 40 1 2 2
2 Kyle Brodziak Dwight King Brandon Yip 30 2 1 2
3 Brian Flynn Andreas Johansson David Laliberté 20 1 2 2
4 Petteri Wirtanen Jarkko Ruutu Rhett Rakhshani 10 1 2 2
5 vs 5 Defense
Defense Defense Time % Phy DF OF
1 Justin Schultz Mike Van Ryn 36 1 2 2
2 Henrik Tallinder Ian Cole 34 1 2 2
3 Jeffrey Foss Kris Russell 20 1 2 2
4 Mike Van Ryn Justin Schultz 10 0 2 3
PowerPlay Forward
Center Left Wing Right Wing Time % Phy DF OF
1 Tyler Kennedy Evgeny Dadonov Wayne Simmonds 55 1 1 3
2 Andreas Johansson Dwight King Brandon Yip 45 1 1 3
PowerPlay Defense
Defense Defense Time % Phy DF OF
1 Justin Schultz Henrik Tallinder 55 0 2 3
2 Mike Van Ryn Ian Cole 45 0 2 3
Penalty Kill 4 Players Forward
Center Wing Time % Phy DF OF
1 Kyle Brodziak Jarkko Ruutu 50 1 3 1
2 Andreas Johansson Wayne Simmonds 50 1 3 1
Penalty Kill 4 Players Defense
Defense Defense Time % Phy DF OF
1 Justin Schultz Mike Van Ryn 50 1 3 1
2 Henrik Tallinder Kris Russell 50 1 3 1
Penalty Kill - 3 Players Forward
Forward Time % Phy DF OF
1 Andreas Johansson 50 1 3 1
2 Jarkko Ruutu 50 1 3 1
Penalty Kill - 3 Players Defense
Defense Defense Time % Phy DF OF
1 Justin Schultz Mike Van Ryn 50 1 3 1
2 Henrik Tallinder Kris Russell 50 1 3 1
4 vs 4 Forward
Center Wing Time % Phy DF OF
1 Kyle Brodziak Brandon Yip 50 1 1 3
2 Tyler Kennedy Evgeny Dadonov 50 1 2 2
4 vs 4 Defense
Defense Defense Time % Phy DF OF
1 Justin Schultz Mike Van Ryn 50 1 2 2
2 Ian Cole Henrik Tallinder 50 1 2 2
Last Minutes Offensive
Center Left Wing Right Wing Defense Defense
Tyler Kennedy Evgeny Dadonov Brandon Yip Henrik Tallinder Justin Schultz
Last Minutes Defensive
Center Left Wing Right Wing Defense Defense
Tyler Kennedy Andreas Johansson Wayne Simmonds Mike Van Ryn Justin Schultz
Goaltenders
Starting : James Reimer
Backup : Harru Sateri
Extra Forwards
Normal : Andreas Johansson, Jarkko Ruutu, Evgeny Dadonov - PP : Kyle Brodziak, Andreas Johansson - PK : Brandon Yip
Extra Defensemen
Normal : Kris Russell, Henrik Tallinder, Mike Van Ryn - PP : Kris Russell - PK : Jeffrey Foss, Ian Cole
Penalty Shots
Evgeny Dadonov, Tyler Kennedy, Andreas Johansson, Brandon Yip, Dwight King
High Goats
5 vs 5 Forward
Center Left Wing Right Wing Time % Phy DF OF
1 Jesse Winchester Jiri Tlusty Chris Stewart 40 1 2 2
2 Nick Bonino Brandon Bollig Pavel Brendl 30 1 2 2
3 Joshua Bailey Drayson Bowman Matt Frattin 20 1 2 2
4 Dana Tyrell Jason Ryznar Jonathan Tremblay 10 1 2 2
5 vs 5 Defense
Defense Defense Time % Phy DF OF
1 Matt Irwin Anton Stralman 40 1 2 2
2 Thomas Hickey Matt Taormina 30 1 2 2
3 Arturs Kulda Gord Baldwin 20 1 2 2
4 Matt Irwin Anton Stralman 10 1 2 2
PowerPlay Forward
Center Left Wing Right Wing Time % Phy DF OF
1 Jesse Winchester Jason Ryznar Chris Stewart 60 1 2 2
2 Nick Bonino Jiri Tlusty Pavel Brendl 40 1 2 2
PowerPlay Defense
Defense Defense Time % Phy DF OF
1 Matt Irwin Anton Stralman 60 1 2 2
2 Thomas Hickey Matt Taormina 40 1 2 2
Penalty Kill 4 Players Forward
Center Wing Time % Phy DF OF
1 Dana Tyrell Chris Stewart 60 1 2 2
2 Jesse Winchester Jiri Tlusty 40 1 2 2
Penalty Kill 4 Players Defense
Defense Defense Time % Phy DF OF
1 Matt Irwin Anton Stralman 60 1 2 2
2 Matt Taormina Arturs Kulda 40 1 2 2
Penalty Kill - 3 Players Forward
Forward Time % Phy DF OF
1 Dana Tyrell 60 1 2 2
2 Chris Stewart 40 1 2 2
Penalty Kill - 3 Players Defense
Defense Defense Time % Phy DF OF
1 Matt Irwin Anton Stralman 60 1 2 2
2 Matt Taormina Arturs Kulda 40 1 2 2
4 vs 4 Forward
Center Wing Time % Phy DF OF
1 Jesse Winchester Chris Stewart 60 1 2 2
2 Nick Bonino Pavel Brendl 40 1 2 2
4 vs 4 Defense
Defense Defense Time % Phy DF OF
1 Matt Irwin Anton Stralman 60 1 2 2
2 Thomas Hickey Matt Taormina 40 1 2 2
Last Minutes Offensive
Center Left Wing Right Wing Defense Defense
Jesse Winchester Jiri Tlusty Chris Stewart Matt Irwin Anton Stralman
Last Minutes Defensive
Center Left Wing Right Wing Defense Defense
Dana Tyrell Jiri Tlusty Chris Stewart Matt Irwin Anton Stralman
Goaltenders
Starting : Keith Kinkaid
Backup : Thomas McCollum
Extra Forwards
Normal : Brandon Bollig, Matt Frattin, Joshua Bailey - PP : Brandon Bollig, Matt Frattin - PK : Joshua Bailey
Extra Defensemen
Normal : Anton Stralman, Gord Baldwin, Thomas Hickey - PP : Gord Baldwin - PK : Thomas Hickey, Gord Baldwin
Penalty Shots
Pavel Brendl, Chris Stewart, Jiri Tlusty, Matt Frattin, Matt Irwin
% Time on Ice - Saguenéens
Lines # - Real PCT - Wanted PCT - Time Play
Normal Forward
1 - 35% - 40% - 15:32
2 - 30% - 30% - 13:34
3 - 18% - 20% - 8:12
4 - 17% - 10% - 7:24
Normal Defense
1 - 38% - 36% - 17:11
2 - 34% - 34% - 15:15
3 - 21% - 20% - 9:18
4 - 7% - 10% - 2:58
PP Forward
1 - 59% - 55% - 1:25
2 - 41% - 45% - 0:58
PP Defense
1 - 64% - 55% - 1:32
2 - 36% - 45% - 0:51
PK Forward
1 - 34% - 50% - 4:22
2 - 66% - 50% - 8:33
PK Defense
1 - 54% - 50% - 7:02
2 - 46% - 50% - 5:53
PK3 Forward
1 - 0% - 50%
2 - 0% - 50%
PK3 Defense
1 - 0% - 50%
2 - 0% - 50%
44 Forward
1 - 0% - 50%
2 - 0% - 50%
44 Defense
1 - 0% - 50%
2 - 0% - 50%
Last Minute Offensive - 0:00
Last Minute Defensive - 0:00
Total
Forward - 60:00
Defense - 60:00
|
% Time on Ice - High Goats
Lines # - Real PCT - Wanted PCT - Time Play
Normal Forward
1 - 34% - 40% - 15:23
2 - 27% - 30% - 12:14
3 - 22% - 20% - 9:48
4 - 16% - 10% - 7:17
Normal Defense
1 - 42% - 40% - 18:36
2 - 31% - 30% - 13:52
3 - 24% - 20% - 10:49
4 - 3% - 10% - 1:25
PP Forward
1 - 56% - 60% - 7:17
2 - 44% - 40% - 5:38
PP Defense
1 - 62% - 60% - 7:58
2 - 38% - 40% - 4:57
PK Forward
1 - 78% - 60% - 1:52
2 - 22% - 40% - 0:31
PK Defense
1 - 73% - 60% - 1:45
2 - 27% - 40% - 0:38
PK3 Forward
1 - 0% - 60%
2 - 0% - 40%
PK3 Defense
1 - 0% - 60%
2 - 0% - 40%
44 Forward
1 - 0% - 60%
2 - 0% - 40%
44 Defense
1 - 0% - 60%
2 - 0% - 40%
Last Minute Offensive - 0:00
Last Minute Defensive - 0:00
Total
Forward - 60:00
Defense - 60:00
|
Play by Play
1st period
0:01 of 1st period - Jesse Winchester wins face-off versus Tyler Kennedy in neutral zone.
0:30 of 1st period - Wrist shot by Kyle Brodziak.
0:30 of 1st period - Stopped by Keith Kinkaid with a rebound.
1:18 of 1st period - Dana Tyrell is hit by Henrik Tallinder and loses puck.
1:48 of 1st period - Off-side.
1:49 of 1st period - Nick Bonino wins face-off versus Kyle Brodziak in neutral zone.
2:42 of 1st period - Jeffrey Foss is hit by Thomas Hickey and loses puck.
3:32 of 1st period - Evgeny Dadonov is hit by Matt Irwin and loses puck.
3:57 of 1st period - Slapshot by Justin Schultz.
3:57 of 1st period - Shot Blocked by Gord Baldwin.
4:30 of 1st period - Minor Penalty to Thomas Hickey for High sticking.
4:31 of 1st period - Tyler Kennedy wins face-off versus Dana Tyrell in High Goats zone.
4:34 of 1st period - Snap shot by Tyler Kennedy.
4:34 of 1st period - Shot Blocked by Matt Irwin.
4:36 of 1st period - Slapshot by Henrik Tallinder.
4:36 of 1st period - Shot Misses the Net.
4:38 of 1st period - Snap shot by Wayne Simmonds.
4:38 of 1st period - Goal by Wayne Simmonds - Saguenéens : 1 - High Goats : 0.
4:39 of 1st period - Jesse Winchester wins face-off versus Tyler Kennedy in neutral zone.
4:46 of 1st period - Snap shot by Chris Stewart.
4:46 of 1st period - Shot Misses the Net.
4:56 of 1st period - Anton Stralman is hit by Wayne Simmonds and loses puck.
5:29 of 1st period - Snap shot by Jonathan Tremblay.
5:29 of 1st period - Stopped by James Reimer with a rebound.
5:31 of 1st period - Snap shot by Jason Ryznar.
5:31 of 1st period - Stopped by James Reimer without a rebound.
5:32 of 1st period - Tyler Kennedy wins face-off versus Dana Tyrell in Saguenéens zone.
5:41 of 1st period - Wrist shot by Jonathan Tremblay.
5:41 of 1st period - Shot Misses the Net.
6:26 of 1st period - Wrist shot by Pavel Brendl.
6:26 of 1st period - Deflect By Mike Van Ryn.
6:26 of 1st period - Stopped by James Reimer with a rebound.
6:59 of 1st period - Off-side.
7:00 of 1st period - Chris Stewart wins face-off versus Tyler Kennedy in neutral zone.
7:34 of 1st period - Snap shot by Nick Bonino.
7:34 of 1st period - Deflect By Brandon Bollig.
7:34 of 1st period - Shot Misses the Net.
7:34 of 1st period - Puck is out of play.
7:35 of 1st period - Jesse Winchester wins face-off versus Kyle Brodziak in Saguenéens zone.
7:43 of 1st period - Off-side.
7:44 of 1st period - Kyle Brodziak wins face-off versus Jesse Winchester in neutral zone.
7:51 of 1st period - Snap shot by Dwight King.
7:51 of 1st period - Shot Misses the Net.
8:05 of 1st period - Wrist shot by Jesse Winchester.
8:05 of 1st period - Goal by Jesse Winchester - Saguenéens : 1 - High Goats : 1.
8:06 of 1st period - Nick Bonino wins face-off versus Tyler Kennedy in neutral zone.
8:09 of 1st period - Tyler Kennedy is hit by Brandon Bollig and loses puck.
8:56 of 1st period - Icing by Arturs Kulda.
8:57 of 1st period - Kyle Brodziak wins face-off versus Joshua Bailey in High Goats zone.
8:58 of 1st period - Snap shot by Brandon Yip.
8:58 of 1st period - Stopped by Keith Kinkaid with a rebound.
9:04 of 1st period - Slapshot by Joshua Bailey.
9:04 of 1st period - Deflect By Drayson Bowman.
9:04 of 1st period - Shot Blocked by Kyle Brodziak.
9:04 of 1st period - Puck is out of play.
9:05 of 1st period - Chris Stewart wins face-off versus Tyler Kennedy in Saguenéens zone.
9:10 of 1st period - Snap shot by Jiri Tlusty.
9:10 of 1st period - Shot Hit the Post.
9:18 of 1st period - Wrist shot by Evgeny Dadonov.
9:18 of 1st period - Stopped by Keith Kinkaid with a rebound.
9:20 of 1st period - Slapshot by Henrik Tallinder.
9:20 of 1st period - Shot Blocked by Matt Taormina.
9:32 of 1st period - Backhand shot by Kyle Brodziak.
9:32 of 1st period - Stopped by Keith Kinkaid without a rebound.
9:33 of 1st period - Nick Bonino wins face-off versus Kyle Brodziak in High Goats zone.
9:58 of 1st period - Mike Van Ryn is hit by Anton Stralman and loses puck.
10:30 of 1st period - Snap shot by Evgeny Dadonov.
10:30 of 1st period - Stopped by Keith Kinkaid without a rebound.
10:31 of 1st period - Tyler Kennedy wins face-off versus Nick Bonino in High Goats zone.
10:59 of 1st period - Anton Stralman is hit by David Laliberté and loses puck.
11:52 of 1st period - Icing by Jason Ryznar.
11:53 of 1st period - Tyler Kennedy wins face-off versus Jonathan Tremblay in High Goats zone.
11:56 of 1st period - Wrist shot by Tyler Kennedy.
11:56 of 1st period - Goal by Tyler Kennedy - Saguenéens : 2 - High Goats : 1.
11:57 of 1st period - Tyler Kennedy wins face-off versus Nick Bonino in neutral zone.
12:06 of 1st period - Snap shot by Nick Bonino.
12:06 of 1st period - Shot Misses the Net.
12:08 of 1st period - Snap shot by Anton Stralman.
12:08 of 1st period - Shot Misses the Net.
12:10 of 1st period - Slapshot by Matt Irwin.
12:10 of 1st period - Shot Misses the Net.
13:34 of 1st period - Wrist shot by Wayne Simmonds.
13:34 of 1st period - Shot Misses the Net.
13:54 of 1st period - Snap shot by Drayson Bowman.
13:54 of 1st period - Stopped by James Reimer with a rebound.
13:56 of 1st period - Slapshot by Arturs Kulda.
13:56 of 1st period - Stopped by James Reimer with a rebound.
14:26 of 1st period - Jeffrey Foss is hit by Nick Bonino and loses puck.
14:31 of 1st period - Slapshot by Nick Bonino.
14:31 of 1st period - Shot Blocked by Andreas Johansson.
14:33 of 1st period - Slapshot by Matt Taormina.
14:33 of 1st period - Stopped by James Reimer without a rebound.
14:34 of 1st period - Chris Stewart wins face-off versus Tyler Kennedy in Saguenéens zone.
14:37 of 1st period - Snap shot by Chris Stewart.
14:37 of 1st period - Shot Blocked by Mike Van Ryn.
15:19 of 1st period - Henrik Tallinder is hit by Drayson Bowman and loses puck.
15:26 of 1st period - Wrist shot by Drayson Bowman.
15:26 of 1st period - Stopped by James Reimer with a rebound.
15:28 of 1st period - Slapshot by Matt Taormina.
15:28 of 1st period - Stopped by James Reimer without a rebound.
15:29 of 1st period - Jesse Winchester wins face-off versus Tyler Kennedy in Saguenéens zone.
16:01 of 1st period - Snap shot by Nick Bonino.
16:01 of 1st period - Shot Blocked by Henrik Tallinder.
16:03 of 1st period - Slapshot by Arturs Kulda.
16:03 of 1st period - Stopped by James Reimer without a rebound.
16:04 of 1st period - Kyle Brodziak wins face-off versus Jesse Winchester in Saguenéens zone.
16:09 of 1st period - Wrist shot by Kyle Brodziak.
16:09 of 1st period - Deflect By Brandon Yip.
16:09 of 1st period - Shot Blocked by Chris Stewart.
16:09 of 1st period - Puck is out of play.
16:10 of 1st period - Kyle Brodziak wins face-off versus Jesse Winchester in High Goats zone.
16:11 of 1st period - Snap shot by Brandon Yip.
16:11 of 1st period - Shot Misses the Net.
16:13 of 1st period - Snap shot by Kyle Brodziak.
16:13 of 1st period - Deflect By Dwight King.
16:13 of 1st period - Shot Misses the Net.
16:13 of 1st period - Puck is out of play.
16:14 of 1st period - Kyle Brodziak wins face-off versus Jesse Winchester in High Goats zone.
16:19 of 1st period - Snap shot by Brandon Yip.
16:19 of 1st period - Stopped by Keith Kinkaid with a rebound.
16:21 of 1st period - Slapshot by Brandon Yip.
16:21 of 1st period - Shot Blocked by Anton Stralman.
16:23 of 1st period - Slapshot by Mike Van Ryn.
16:23 of 1st period - Deflect By Matt Irwin.
16:23 of 1st period - Stopped by Keith Kinkaid without a rebound.
16:24 of 1st period - Tyler Kennedy wins face-off versus Jesse Winchester in High Goats zone.
16:27 of 1st period - Wrist shot by Evgeny Dadonov.
16:27 of 1st period - Shot Blocked by Anton Stralman.
16:29 of 1st period - Slapshot by Evgeny Dadonov.
16:29 of 1st period - Shot Misses the Net.
16:36 of 1st period - Off-side.
16:37 of 1st period - Tyler Kennedy wins face-off versus Joshua Bailey in neutral zone.
16:52 of 1st period - Snap shot by Tyler Kennedy.
16:52 of 1st period - Goal by Tyler Kennedy - Saguenéens : 3 - High Goats : 1.
16:53 of 1st period - Tyler Kennedy wins face-off versus Jesse Winchester in neutral zone.
17:21 of 1st period - Icing by Justin Schultz.
17:22 of 1st period - Kyle Brodziak wins face-off versus Nick Bonino in Saguenéens zone.
17:45 of 1st period - Snap shot by Kyle Brodziak.
17:45 of 1st period - Stopped by Keith Kinkaid with a rebound.
17:47 of 1st period - Slapshot by Brandon Yip.
17:47 of 1st period - Shot Misses the Net.
17:49 of 1st period - Slapshot by Mike Van Ryn.
17:49 of 1st period - Stopped by Keith Kinkaid with a rebound.
17:51 of 1st period - Backhand shot by Dwight King.
17:51 of 1st period - Goal by Dwight King - Saguenéens : 4 - High Goats : 1.
17:51 of 1st period - Thomas McCollum enters game.
17:52 of 1st period - Jesse Winchester wins face-off versus Tyler Kennedy in neutral zone.
19:42 of 1st period - Snap shot by Kyle Brodziak.
19:42 of 1st period - Stopped by Thomas McCollum with a rebound.
19:58 of 1st period - Snap shot by Kyle Brodziak.
19:58 of 1st period - Stopped by Thomas McCollum with a rebound.
Goals for this period are 4 for Saguenéens vs 1 for High Goats.
Shots for this period are 15 for Saguenéens vs 10 for High Goats.
2nd period
0:01 of 2nd period - Tyler Kennedy wins face-off versus Jesse Winchester in neutral zone.
0:38 of 2nd period - Snap shot by Nick Bonino.
0:38 of 2nd period - Shot Misses the Net.
0:40 of 2nd period - Snap shot by Nick Bonino.
0:40 of 2nd period - Stopped by James Reimer with a rebound.
0:52 of 2nd period - Wrist shot by Joshua Bailey.
0:52 of 2nd period - Stopped by James Reimer with a rebound.
0:54 of 2nd period - Snap shot by Arturs Kulda.
0:54 of 2nd period - Stopped by James Reimer with a rebound.
0:56 of 2nd period - Slapshot by Arturs Kulda.
0:56 of 2nd period - Deflect By Jarkko Ruutu.
0:56 of 2nd period - Stopped by James Reimer without a rebound.
0:57 of 2nd period - Tyler Kennedy wins face-off versus Jesse Winchester in Saguenéens zone.
1:06 of 2nd period - Wrist shot by Wayne Simmonds.
1:06 of 2nd period - Shot Blocked by Jiri Tlusty.
1:08 of 2nd period - Backhand shot by Tyler Kennedy.
1:08 of 2nd period - Shot Misses the Net.
1:10 of 2nd period - Wrist shot by Tyler Kennedy.
1:10 of 2nd period - Shot Blocked by Jiri Tlusty.
1:22 of 2nd period - Chris Stewart is hit by Petteri Wirtanen and loses puck.
1:33 of 2nd period - Henrik Tallinder is hit by Jesse Winchester.
2:06 of 2nd period - Thomas Hickey is hit by Mike Van Ryn and loses puck.
2:19 of 2nd period - Off-side.
2:20 of 2nd period - Tyler Kennedy wins face-off versus Dana Tyrell in neutral zone.
2:42 of 2nd period - Icing by Arturs Kulda.
2:43 of 2nd period - Brian Flynn wins face-off versus Dana Tyrell in High Goats zone.
3:05 of 2nd period - Icing by Justin Schultz.
3:06 of 2nd period - Tyler Kennedy wins face-off versus Jesse Winchester in Saguenéens zone.
3:38 of 2nd period - Backhand shot by Brandon Yip.
3:38 of 2nd period - Shot Misses the Net.
3:46 of 2nd period - Mike Van Ryn is hit by Anton Stralman and loses puck.
3:54 of 2nd period - Icing by Dwight King.
3:55 of 2nd period - Joshua Bailey wins face-off versus Kyle Brodziak in Saguenéens zone.
3:58 of 2nd period - Snap shot by Matt Frattin.
3:58 of 2nd period - Shot Misses the Net.
4:06 of 2nd period - Snap shot by Chris Stewart.
4:06 of 2nd period - Shot Misses the Net.
4:08 of 2nd period - Wrist shot by Jesse Winchester.
4:08 of 2nd period - Shot Misses the Net.
4:10 of 2nd period - Wrist shot by Jesse Winchester.
4:10 of 2nd period - Shot Misses the Net.
4:16 of 2nd period - Minor Penalty to Kyle Brodziak for Tripping.
4:17 of 2nd period - Jesse Winchester wins face-off versus Andreas Johansson in Saguenéens zone.
4:32 of 2nd period - Snap shot by Chris Stewart.
4:32 of 2nd period - Deflect By Jarkko Ruutu.
4:32 of 2nd period - Stopped by James Reimer with a rebound.
4:46 of 2nd period - Slapshot by Matt Irwin.
4:46 of 2nd period - Shot Blocked by Henrik Tallinder.
4:48 of 2nd period - Snap shot by Jiri Tlusty.
4:48 of 2nd period - Shot Misses the Net.
4:50 of 2nd period - Backhand shot by Anton Stralman.
4:50 of 2nd period - Deflect By Nick Bonino.
4:50 of 2nd period - Shot Blocked by Kris Russell.
4:50 of 2nd period - Puck is out of play.
4:51 of 2nd period - Brandon Yip wins face-off versus Jesse Winchester in Saguenéens zone.
5:16 of 2nd period - Wayne Simmonds is hit by Pavel Brendl and loses puck.
5:27 of 2nd period - Wrist shot by Pavel Brendl.
5:27 of 2nd period - Stopped by James Reimer with a rebound.
5:51 of 2nd period - Snap shot by Wayne Simmonds.
5:51 of 2nd period - Stopped by Thomas McCollum with a rebound.
6:16 of 2nd period - Penalty to Kyle Brodziak is over, Kyle Brodziak is back on ice.
6:56 of 2nd period - Wrist shot by Evgeny Dadonov.
6:56 of 2nd period - Shot Misses the Net.
7:08 of 2nd period - Snap shot by Pavel Brendl.
7:08 of 2nd period - Stopped by James Reimer with a rebound.
7:18 of 2nd period - Mike Van Ryn is hit by Thomas Hickey and loses puck.
9:04 of 2nd period - Drayson Bowman is hit by Evgeny Dadonov.
9:14 of 2nd period - Matt Irwin is hit by Jarkko Ruutu and loses puck.
10:07 of 2nd period - Wrist shot by Chris Stewart.
10:07 of 2nd period - Shot Hit the Post.
10:12 of 2nd period - Minor Penalty to Jesse Winchester for Slashing.
10:13 of 2nd period - Dana Tyrell wins face-off versus Tyler Kennedy in High Goats zone.
10:25 of 2nd period - Snap shot by Tyler Kennedy.
10:25 of 2nd period - Stopped by Thomas McCollum with a rebound.
10:27 of 2nd period - Snap shot by Justin Schultz.
10:27 of 2nd period - Shot Blocked by Dana Tyrell.
10:29 of 2nd period - Snap shot by Tyler Kennedy.
10:29 of 2nd period - Stopped by Thomas McCollum with a rebound.
12:10 of 2nd period - Jiri Tlusty is hit by Brandon Yip.
12:12 of 2nd period - Penalty to Jesse Winchester is over, Jesse Winchester is back on ice.
12:22 of 2nd period - Snap shot by Jarkko Ruutu.
12:22 of 2nd period - Goal by Jarkko Ruutu - Saguenéens : 5 - High Goats : 1.
12:23 of 2nd period - Petteri Wirtanen wins face-off versus Nick Bonino in neutral zone.
12:44 of 2nd period - Henrik Tallinder is hit by Pavel Brendl and loses puck.
12:54 of 2nd period - Off-side.
12:55 of 2nd period - Matt Frattin wins face-off versus Tyler Kennedy in neutral zone.
13:02 of 2nd period - Matt Frattin is hit by Evgeny Dadonov and loses puck.
13:17 of 2nd period - Minor Penalty to Justin Schultz for Hooking.
13:18 of 2nd period - Jesse Winchester wins face-off versus Andreas Johansson in Saguenéens zone.
13:29 of 2nd period - Wrist shot by Jesse Winchester.
13:29 of 2nd period - Shot Blocked by Mike Van Ryn.
13:43 of 2nd period - Jeffrey Foss is hit by Nick Bonino and loses puck.
13:54 of 2nd period - Slapshot by Matt Irwin.
13:54 of 2nd period - Shot Blocked by Jarkko Ruutu.
14:56 of 2nd period - Anton Stralman is hit by Andreas Johansson and loses puck.
15:17 of 2nd period - Penalty to Justin Schultz is over, Justin Schultz is back on ice.
15:59 of 2nd period - Drayson Bowman is hit by Ian Cole and loses puck.
16:10 of 2nd period - Dwight King is hit by Brandon Bollig and loses puck.
16:27 of 2nd period - Jonathan Tremblay is hit by Jarkko Ruutu and loses puck.
16:41 of 2nd period - Minor Penalty to Wayne Simmonds for Holding.
16:42 of 2nd period - Andreas Johansson wins face-off versus Jesse Winchester in Saguenéens zone.
18:41 of 2nd period - Penalty to Wayne Simmonds is over, Wayne Simmonds is back on ice.
19:01 of 2nd period - Drayson Bowman is hit by Jarkko Ruutu and loses puck.
19:18 of 2nd period - Snap shot by Jarkko Ruutu.
19:18 of 2nd period - Shot Misses the Net.
19:20 of 2nd period - Snap shot by Wayne Simmonds.
19:20 of 2nd period - Shot Misses the Net.
19:22 of 2nd period - Slapshot by Jeffrey Foss.
19:22 of 2nd period - Shot Blocked by Anton Stralman.
19:24 of 2nd period - Wrist shot by Brandon Yip.
19:24 of 2nd period - Shot Misses the Net.
19:36 of 2nd period - Slapshot by Matt Irwin.
19:36 of 2nd period - Shot Misses the Net.
19:38 of 2nd period - Wrist shot by Drayson Bowman.
19:38 of 2nd period - Shot Misses the Net.
19:40 of 2nd period - Slapshot by Matt Irwin.
19:40 of 2nd period - Stopped by James Reimer with a rebound.
19:42 of 2nd period - Wrist shot by Joshua Bailey.
19:42 of 2nd period - Shot Hit the Post.
19:44 of 2nd period - Slapshot by Drayson Bowman.
19:44 of 2nd period - Stopped by James Reimer without a rebound.
19:45 of 2nd period - Jesse Winchester wins face-off versus Brian Flynn in Saguenéens zone.
19:46 of 2nd period - Slapshot by Chris Stewart.
19:46 of 2nd period - Stopped by James Reimer without a rebound.
19:47 of 2nd period - Jesse Winchester wins face-off versus Brian Flynn in Saguenéens zone.
19:51 of 2nd period - Major Penalty to Andreas Johansson for Kneeing.
19:52 of 2nd period - Jesse Winchester wins face-off versus Kyle Brodziak in Saguenéens zone.
19:58 of 2nd period - Wrist shot by Jason Ryznar.
19:58 of 2nd period - Shot Misses the Net.
Goals for this period are 1 for Saguenéens vs 0 for High Goats.
Shots for this period are 4 for Saguenéens vs 10 for High Goats.
3rd period
0:01 of 3rd period - Jesse Winchester wins face-off versus Kyle Brodziak in neutral zone.
0:24 of 3rd period - Anton Stralman is hit by Wayne Simmonds and loses puck.
0:47 of 3rd period - Snap shot by Pavel Brendl.
0:47 of 3rd period - Stopped by James Reimer with a rebound.
4:29 of 3rd period - Jeffrey Foss is hit by Jesse Winchester.
4:51 of 3rd period - Penalty to Andreas Johansson is over, Andreas Johansson is back on ice.
5:17 of 3rd period - Gord Baldwin is hit by Tyler Kennedy and loses puck.
5:38 of 3rd period - Pavel Brendl is hit by Petteri Wirtanen.
6:31 of 3rd period - Thomas Hickey is hit by Andreas Johansson and loses puck.
6:57 of 3rd period - Wrist shot by Chris Stewart.
6:57 of 3rd period - Stopped by James Reimer without a rebound.
6:58 of 3rd period - Tyler Kennedy wins face-off versus Nick Bonino in Saguenéens zone.
7:54 of 3rd period - Slapshot by Matt Taormina.
7:54 of 3rd period - Shot Misses the Net.
8:22 of 3rd period - Snap shot by Tyler Kennedy.
8:22 of 3rd period - Shot Misses the Net.
9:01 of 3rd period - Petteri Wirtanen is hit by Thomas Hickey and loses puck.
10:03 of 3rd period - Snap shot by Kyle Brodziak.
10:03 of 3rd period - Shot Blocked by Anton Stralman.
10:05 of 3rd period - Slapshot by Mike Van Ryn.
10:05 of 3rd period - Deflect By Matt Irwin.
10:05 of 3rd period - Goal by Mike Van Ryn - Saguenéens : 6 - High Goats : 1.
10:06 of 3rd period - Jesse Winchester wins face-off versus Tyler Kennedy in neutral zone.
10:37 of 3rd period - Dwight King is hit by Matt Taormina and loses puck.
10:44 of 3rd period - Snap shot by Nick Bonino.
10:44 of 3rd period - Stopped by James Reimer without a rebound.
10:45 of 3rd period - Joshua Bailey wins face-off versus Tyler Kennedy in Saguenéens zone.
10:46 of 3rd period - Slapshot by Matt Irwin.
10:46 of 3rd period - Stopped by James Reimer without a rebound.
10:47 of 3rd period - Joshua Bailey wins face-off versus Tyler Kennedy in Saguenéens zone.
11:12 of 3rd period - Chris Stewart is hit by Ian Cole and loses puck.
11:37 of 3rd period - Henrik Tallinder is hit by Nick Bonino and loses puck.
11:52 of 3rd period - Snap shot by Petteri Wirtanen.
11:52 of 3rd period - Shot Blocked by Jonathan Tremblay.
11:54 of 3rd period - Slapshot by Ian Cole.
11:54 of 3rd period - Deflect By Jarkko Ruutu.
11:54 of 3rd period - Shot Misses the Net.
11:54 of 3rd period - Puck is out of play.
11:55 of 3rd period - Jesse Winchester wins face-off versus Petteri Wirtanen in High Goats zone.
12:20 of 3rd period - Icing by Justin Schultz.
12:21 of 3rd period - Tyler Kennedy wins face-off versus Nick Bonino in Saguenéens zone.
12:32 of 3rd period - Thomas Hickey is hit by Wayne Simmonds and loses puck.
12:54 of 3rd period - Icing by Matt Taormina.
12:55 of 3rd period - Tyler Kennedy wins face-off versus Chris Stewart in High Goats zone.
13:28 of 3rd period - Slapshot by Pavel Brendl.
13:28 of 3rd period - Stopped by James Reimer with a rebound.
13:30 of 3rd period - Slapshot by Thomas Hickey.
13:30 of 3rd period - Stopped by James Reimer with a rebound.
13:32 of 3rd period - Snap shot by Nick Bonino.
13:32 of 3rd period - Stopped by James Reimer without a rebound.
13:33 of 3rd period - Joshua Bailey wins face-off versus Tyler Kennedy in Saguenéens zone.
13:58 of 3rd period - Brandon Yip is hit by Jesse Winchester and loses puck.
14:07 of 3rd period - Snap shot by Jiri Tlusty.
14:07 of 3rd period - Stopped by James Reimer with a rebound.
14:09 of 3rd period - Slapshot by Arturs Kulda.
14:09 of 3rd period - Stopped by James Reimer without a rebound.
14:10 of 3rd period - Brandon Bollig wins face-off versus Tyler Kennedy in Saguenéens zone.
14:10 of 3rd period - Brandon Bollig and Wayne Simmonds fight to a draw.
14:10 of 3rd period - Penalty to Brandon Bollig for Fighting.
14:10 of 3rd period - Penalty to Wayne Simmonds for Fighting.
14:11 of 3rd period - Tyler Kennedy wins face-off versus Jesse Winchester in Saguenéens zone.
14:26 of 3rd period - Snap shot by Evgeny Dadonov.
14:26 of 3rd period - Stopped by Thomas McCollum without a rebound.
14:27 of 3rd period - Nick Bonino wins face-off versus Kyle Brodziak in High Goats zone.
14:29 of 3rd period - Anton Stralman and Justin Schultz fight to a draw.
14:29 of 3rd period - Penalty to Anton Stralman for Fighting.
14:29 of 3rd period - Penalty to Justin Schultz for Fighting.
14:29 of 3rd period - Penalty to Justin Schultz for instigated a fight.
14:29 of 3rd period - Penalty to Justin Schultz for instigated a fight.
14:30 of 3rd period - Jesse Winchester wins face-off versus Kyle Brodziak in High Goats zone.
15:35 of 3rd period - Nick Bonino is hit by Mike Van Ryn and loses puck.
16:29 of 3rd period - Penalty to Justin Schultz is over, Brandon Yip is send on ice.
17:56 of 3rd period - Joshua Bailey is hit by Mike Van Ryn and loses puck.
18:46 of 3rd period - Matt Taormina is hit by Kris Russell and loses puck.
19:43 of 3rd period - Minor Penalty to Thomas Hickey for Hooking.
19:44 of 3rd period - Dana Tyrell wins face-off versus Wayne Simmonds in High Goats zone.
19:44 of 3rd period - Dana Tyrell is hit by Tyler Kennedy.
19:55 of 3rd period - Anton Stralman is hit by Tyler Kennedy and loses puck.
Goals for this period are 1 for Saguenéens vs 0 for High Goats.
Shots for this period are 2 for Saguenéens vs 9 for High Goats.
Output by the SimonT Hockey Simulator (STHS) for François Prévost -- Original Page W3C XHTML 1.0 Valid